 Dungeon Crawl Stone Soup version 0.29.1-1-gd02db6906a (webtiles) character file.

Game seed: 9353241895524373679

81 NinjaNoafa the Digger (level 4, -1/24 HPs)
             Began as a Gargoyle Earth Elementalist on Oct 10, 2022.
             Slain by a gnoll
             ... wielding a +0 spear
              (5 damage)
             ... on level 3 of the Dungeon.
             The game lasted 00:03:35 (2092 turns).

NinjaNoafa the Digger (Gargoyle Earth Elementalist) Turns: 2092, Time: 00:03:36

Health: -1/24      AC:  5    Str: 12    XL:     4   Next: 40%
Magic:  2/7        EV: 15    Int: 17    God:
Gold:   131        SH:  0    Dex: 10    Spells: 4/7 levels left

rFire   x . .      SeeInvis .   k - +2 dagger (venom)
rCold   + . .      Faith    .   (no shield)
rNeg    + . .      Spirit   .   a - +0 robe
rPois   ∞          Reflect  .   (no helmet)
rElec   +          Harm     .   (no cloak)
rCorr   .          Rampage  .   (no gloves)
Will    .....                   (no boots)
Stlth   ++........              (no amulet)
HPRegen 0.08/turn               m - +4 ring of evasion
MPRegen 0.10/turn               l - ring of ice

@: no status effects
A: sickness immunity, AC +3, negative energy resistance 1, electricity
resistance, torment resistance 1, petrification resistance
a: no special abilities


You were on level 3 of the Dungeon.
You visited 1 branch of the dungeon, and saw 3 of its levels.

You collected 131 gold pieces.

Inventory:

Hand Weapons
 k - a +2 dagger of venom (weapon)
Missiles
 d - 4 poisoned darts
 j - 6 stones
Armour
 a - a +0 robe (worn)
Jewellery
 l - a ring of ice (right hand)
 m - a +4 ring of evasion (left hand)
Scrolls
 e - 3 scrolls of teleportation {unknown}
 h - a scroll of identify {unknown}
 n - a scroll of fear {unknown}
Potions
 b - a potion of haste {unknown}
 c - a potion of curing {unknown}
 f - 2 potions of lignification {unknown}
 g - a potion of magic
 i - a potion of brilliance {unknown}
 o - a potion of heal wounds {unknown}


   Skills:
 - Level 1.5 Dodging
 - Level 3.0 Stealth
 + Level 2.0 Spellcasting
 - Level 2.0 Transmutations
 - Level 5.0 Earth Magic


You had 4 spell levels left.
You knew the following spells:

 Your Spells              Type           Power      Damage    Failure   Level
a - Sandblast             Erth           36%        2d10      2%          1
b - Passwall              Tmut/Erth      10%        N/A       7%          2

Your spell library contained the following spells:

 Spells                   Type           Power      Damage    Failure   Level
 Necrotise                Necr           4%         1d4       19%         1
 Stone Arrow              Conj/Erth      20%        3d8       21%         3
 Petrify                  Tmut/Erth      13%        N/A       41%         4


Dungeon Overview and Level Annotations

Branches:
Dungeon (3/15)

Altars:
Dithmenos


Innate Abilities, Weirdness & Mutations

You are immune to sickness and miasma.
Your stone body is resilient. (AC +3)
You are immune to poison.
You resist negative energy. (rN+)
You are resistant to electric shocks. (rElec)
You are resistant to unholy torment.
You are immune to petrification.


Message History

Nothing appears to happen.
The blast of sand misses the ball python.
The ball python bites you. The ball python barely misses you.
The ball python misses you. The ball python grabs you.
The ball python constricts you.
The blast of sand hits the ball python!
You kill the ball python!
Your magical contamination has completely faded away.
HP restored.
You see here a ball python corpse.
You see here the +1 ring mail of the Game of Kings {-Tele Harm Int+3 Dex+4}.
A gnoll comes into view. It is wielding a +0 flail.
The gnoll shouts!
A gnoll comes into view. It is wielding a +0 flail.
The blast of sand hits the gnoll!
The gnoll is almost dead.
A gnoll comes into view. It is wielding a +0 spear.
The blast of sand misses the gnoll.
The gnoll barely misses you.
The blast of sand hits the gnoll!
You kill the gnoll!
The gnoll hits you from afar with a +0 spear.
Training target 3.0 for Stealth reached!
Your Stealth skill increases to level 3!
You need to enable at least one skill for training.
Okay, then.
The blast of sand hits the gnoll.
The gnoll is heavily wounded.
The gnoll hits you from afar with a +0 spear! x2
* * * LOW HITPOINT WARNING * * *
You are too injured to fight recklessly!
You are too injured to fight recklessly!
Casting: Sandblast (safe; 2% risk of failure)
Confirm with . or Enter, or press ? or * to list all spells.
Aiming: Sandblast (safe; 2% risk of failure)
Press: ? - help, Shift-Dir - straight line, f/p - gnoll
Aim: a gnoll, wielding a +0 spear (heavily wounded, 84% to hit)
The blast of sand hits the gnoll!
The gnoll is almost dead.
The gnoll hits you from afar with a +0 spear.
You die...

#.#
####.#
#....#
#.####
#.# #.# #
#.#
.####.#.#
......g@#
.####g###
... ###


You could see 2 gnolls.

Vanquished Creatures
  A gnoll (D:3)
  2 adders (D:2)
  7 ball pythons
  5 endoplasms
  A giant cockroach (D:1)
  8 hobgoblins
  6 jackals
  3 kobolds
  2 quokkas (D:2)
  5 bats (D:1)
  3 frilled lizards
  3 goblins
  A rat (D:1)
47 creatures vanquished.

Notes
Turn   | Place    | Note
-------+----------+-------------------------------------------
     0 | D:1      | NinjaNoafa the Gargoyle Earth Elementalist began the quest
                  | for the Orb.
     0 | D:1      | Reached XP level 1. HP: 10/10 MP: 3/3
    75 | D:1      | Found a faded altar of an unknown god.
    86 | D:1      | Got Plato's Compilation of Unholy Rituals
   209 | D:1      | Reached skill level 4 in Earth Magic
   213 | D:1      | Reached XP level 2. HP: 9/15 MP: 0/5
   783 | D:1      | Reached skill level 5 in Earth Magic
   783 | D:1      | Reached XP level 3. HP: 19/19 MP: 4/6
   786 | D:1      | Learned a level 2 spell: Passwall
   883 | D:1      | Reached skill level 1 in Transmutations
  1544 | D:2      | Found a shadowy altar of Dithmenos.
  1715 | D:2      | Reached XP level 4. HP: 24/24 MP: 3/7
  2052 | D:3      | Identified the +1 ring mail of the Game of Kings {-Tele
                  | Harm Int+3 Dex+4}
  2092 | D:3      | Slain by a gnoll

Illustrated notes

Levels and vault maps discovered:
D:1:      amcnicky_arrival_feature_with_door, layout_basic,
          shapermc_ecumenical_altar_rom_forum
D:2:      layout_rooms, basic_altar, hangedman_decor_peaks_small
D:3:      layout_loops_cross, grunt_qazlal_sundering, grunt_ministairs_5,
          uniq_ijyb, uniq_crazy_yiuf_cottage

Skill      XL: |  1  2  3  4 |
---------------+-------------+-----
Earth Magic    | 4 5 |  5.0
Transmutations | 2 |  2.0
Stealth        | 3 |  3.0
Dodging        | |  1.5
Spellcasting   | |  2.0

Action                   |  1- 3 |  4- 6 || total
-------------------------+-------+-------++-------
Melee: Dagger            |    12 |     1 ||    13
 Cast: Sandblast         |    46 |    11 ||    57
  Use: Potion            |     1 |       ||     1
Armor: Robe              |     5 |       ||     5
Dodge: Dodged            |    46 |     4 ||    50
